 Dungeon Crawl Stone Soup version 0.19-a0-1670-gc28a5d9 (webtiles) character file.

3238 st0uf the Transmogrifier (level 9, 0/68 HPs)
             Began as a Yellow Draconian Transmuter on Sept 21, 2016.
             Was a Priest of Okawaru.
             Slain by a gnoll
             ... wielding a +0 spear
              (9 damage)
             ... on level 8 of the Dungeon.
             The game lasted 00:32:13 (8209 turns).

st0uf the Transmogrifier (DrTm)                     Turns: 8209, Time: 00:32:14

Health: 0/68       AC:  7    Str: 14    XL:     9   Next: 66%
Magic:  19/21      EV: 13    Int: 16    God:    Okawaru [***...]
Gold:   404        SH:  0    Dex: 11    Spells: 4 memorised, 13 levels left

rFire  . . .     SeeInvis .       - Unarmed
rCold  + . .     Gourm    .     (armour unavailable)
rNeg   . . .     Faith    .     (shield currently unavailable)
rPois  .         Spirit   .     (helmet restricted)
rElec  .         Dismiss  .     (no cloak)
rCorr  +         Reflect  .     (gloves currently unavailable)
MR     .....     Harm     .     (no boots)
Stlth  +.........               (no amulet)
                                (no ring)
                                l - ring of protection from cold

@: blade hands
A: spit acid, acid resistance, unfitting armour, cold-blooded, AC +7
a: Spit Acid, End Transformation, Heroism, Renounce Religion


You were on level 8 of the Dungeon.
You worshipped Okawaru.
Okawaru was most pleased with you.
You were not hungry.
You had blades for hands.
You visited 2 branches of the dungeon, and saw 9 of its levels.

You collected 404 gold pieces.

Inventory:

Missiles
 a - 71 arrows
Armour
 i - a +2 buckler
Magical Staves
 s - an uncursed staff of poison
Jewellery
 l - a ring of protection from cold (left scythe-like blade)
Wands
 x - a wand of flame (27/48)
 y - a wand of lightning (8/15)
Scrolls
 e - 8 scrolls of identify
 f - a scroll of fog {unknown}
 g - 7 scrolls of remove curse
 p - a scroll of teleportation
 r - a scroll of amnesia {unknown}
 v - a scroll of enchant weapon {unknown}
 B - a scroll of magic mapping {unknown}
Potions
 d - a potion of magic {unknown}
 h - 4 potions of curing
 m - 2 potions of lignification
 t - a potion of agility {unknown}
 u - a potion of ambrosia {unknown}
 w - a potion of brilliance {unknown}
 C - a potion of haste {unknown}
 D - a potion of heal wounds {unknown}
Books
 b - a book of Changes

   Spells                             Type                      Level
   a - Beastly Appendage              Transmutation                1
   b - Sticks to Snakes               Transmutation                2
   c - Spider Form                    Transmutation/Poison         3
   d - Ice Form                       Ice/Transmutation            4
   e - Blade Hands                    Transmutation                5
 q - a book of Callings

   Spells                             Type                      Level
   a - Summon Small Mammal            Summoning                    1
   b - Call Imp                       Summoning                    2
   c - Call Canine Familiar           Summoning                    3
   d - Summon Guardian Golem          Hexes/Summoning              3
   e - Summon Lightning Spire         Summoning/Air                4
   f - Summon Ice Beast               Ice/Summoning                4
 A - a book of the Sky

   Spells                             Type                      Level
   a - Summon Lightning Spire         Summoning/Air                4
   b - Airstrike                      Air                          4
   c - Silence                        Hexes/Air                    5
   d - Deflect Missiles               Charms/Air                   6
   e - Conjure Ball Lightning         Conjuration/Air              6
   f - Tornado                        Air                          9
Comestibles
 c - 6 bread rations
 j - 9 slices of pizza
 k - 3 fruits
 n - 5 beef jerkies
 o - 3 meat rations
 z - a chunk of flesh


   Skills:
 + Level 2.9 Fighting
 + Level 2.9 Dodging
 + Level 2.8 Shields
 + Level 3.9 Unarmed Combat
 + Level 8.3 Spellcasting
 + Level 8.8 Transmutations
 + Level 2.3 Invocations


You had 13 spell levels left.
You knew the following spells:

 Your Spells              Type           Power        Failure   Level  Hunger
a - Beastly Appendage     Tmut           #####.       12%         1    None
b - Sticks to Snakes      Tmut           #####...     12%         2    None
c - Spider Form           Tmut/Pois      ###.......   36%         3    #......
d - Blade Hands           Tmut           #####.....   50%         5    #####..


Dungeon Overview and Level Annotations

Branches:
Dungeon (8/15)             Temple (1/1) D:6
   Lair: D:8-11

Altars:
Ashenzari
Cheibriados
Dithmenos
Elyvilon
Fedhas
Gozag
Hepliaklqana
Kikubaaqudgha
Nemelex Xobeh
Okawaru
Qazlal
Ru
Sif Muna
Trog
Uskayaw
Vehumet
Xom
Yredelemnul
The Shining One

Shops:
D:5 %   D:7 }


Innate Abilities, Weirdness & Mutations

You can spit globs of acid.
You are resistant to acid.
Your golden yellow scales are hard. (AC +7)
Your body does not fit into most forms of armour.
You are cold-blooded and may be slowed by cold attacks.


Message History

The gnoll hits you from afar with a spear.
The gnoll sergeant hits you with a trident of protection.
The gnoll hits you but does no damage.
The gnoll sergeant hits you from afar with a trident of protection!
The gnoll sergeant hits you but does no damage.
You hit the gnoll sergeant but do no damage.
The gnoll sergeant is severely wounded.
The gnoll hits you from afar with a spear.
The gnoll sergeant hits you with a trident of protection!
* * * LOW HITPOINT WARNING * * *
You completely miss the gnoll sergeant.
The gnoll sergeant is severely wounded.
The gnoll hits you from afar with a spear.
* * * LOW HITPOINT WARNING * * *
The gnoll sergeant closely misses you.
Unknown command.
The gnoll sergeant blocks your attack.
The gnoll sergeant is severely wounded.
The gnoll hits you from afar with a spear!
You die...

... # #.# ?# #.# #.#
.# ### ...# #.#..#
......######.#..####
#.#..............g.
............(..<..
######.#####.....#####
.#........@ggg....#
..........###.....#
######.#.# #(....#
#.#.# ###...... #.#.#
####### ########.#.#
.........#.#
########.#.# #.#.#


You could see a gnoll sergeant and 2 gnolls.

Vanquished Creatures
  Pikel (D:5)
  Prince Ribbit (D:6)
  Sigmund (D:3)
  2 hogs (D:7)
  A human (D:7)
  2 hungry ghosts (D:7)
  An orc warrior (D:6)
  An ice beast (D:5)
  2 sky beasts
  An ogre (D:4)
  A centaur (D:4)
  4 bullfrogs
  A scorpion (D:5)
  A wyvern skeleton (D:7)
  A water moccasin skeleton (D:6)
  A crimson imp (D:7)
  2 quasits
  A jelly (D:6)
  An orc priest (D:6)
  3 hounds (D:6)
  2 orc wizards
  An iguana (D:5)
  A worker ant (D:3)
  2 hound skeletons
  A gnoll (D:8)
  9 adders
  A shadow imp (D:7)
  An ooze (D:6)
  An adder skeleton (D:4)
  3 worms (D:2)
  A dart slug (D:2)
  2 leopard geckos
  26 orcs
  A ball python (D:1)
  5 giant cockroaches
  6 goblins
  5 hobgoblins
  15 jackals
  11 kobolds
  5 quokkas
  8 bats
  7 frilled lizards
  A jackal skeleton (D:5)
  6 rats
150 creatures vanquished.

Vanquished Creatures (collateral kills)
  2 hogs (D:7)
  A water moccasin (D:7)
  A worker ant (D:4)
  An adder (D:3)
  A goblin (D:3)
6 creatures vanquished.

Vanquished Creatures (others)
  A slave (D:6)
  An orc wizard (D:6)
  4 orcs (D:6)
6 creatures vanquished.

Grand Total: 162 creatures vanquished

Notes
Turn   | Place    | Note
-------+----------+-------------------------------------------
     0 | D:1      | st0uf the Draconian Transmuter began the quest for the Orb.
     0 | D:1      | Reached XP level 1. HP: 16/16 MP: 3/3
   234 | D:1      | Reached XP level 2. HP: 23/23 MP: 3/5
  1108 | D:2      | Reached XP level 3. HP: 10/28 MP: 5/7
  1867 | D:2      | Learned a level 2 spell: Sticks to Snakes
  1871 | D:2      | Learned a level 3 spell: Spider Form
  2059 | D:2      | Reached XP level 4. HP: 35/35 MP: 6/8
  3163 | D:3      | Reached XP level 5. HP: 37/40 MP: 7/10
  3245 | D:3      | Found a glowing golden altar of the Shining One.
  3279 | D:3      | Noticed Sigmund
  3290 | D:3      | Killed Sigmund
  3290 | D:3      | Reached XP level 6. HP: 23/47 MP: 8/13
  3762 | D:4      | Found a deep blue altar of Sif Muna.
  4133 | D:4      | Reached skill level 5 in Spellcasting
  4133 | D:4      | Reached skill level 5 in Transmutations
  4466 | D:4      | Your scales start taking on a golden yellow colour.
  4466 | D:4      | Reached XP level 7. HP: 32/52 MP: 11/15
  4756 | D:5      | Entered Level 5 of the Dungeon
  4846 | D:5      | Found Juhanent's Food Shoppe.
  5127 | D:5      | Learned a level 5 spell: Blade Hands
  5656 | D:6      | Found a staircase to the Ecumenical Temple.
  5660 | Temple   | Entered the Ecumenical Temple
  5706 | Temple   | Became a worshipper of Warmaster Okawaru
  5992 | D:6      | Noticed Prince Ribbit
  6003 | D:6      | Killed Prince Ribbit
  6003 | D:6      | Reached * piety under Okawaru
  6003 | D:6      | Reached XP level 8. HP: 51/59 MP: 10/17
  6223 | D:6      | Noticed Pikel
  6267 | D:5      | Killed Pikel
  6536 | D:6      | Found an opulent altar of Gozag.
  6538 | D:6      | Found a sparkling altar of Nemelex Xobeh.
  6694 | D:6      | Found a radiant altar of Vehumet.
  6718 | D:6      | Reached ** piety under Okawaru
  7393 | D:7      | Reached XP level 9. HP: 64/64 MP: 14/20
  7431 | D:7      | Reached skill level 1 in Shields
  7434 | D:7      | Reached skill level 1 in Invocations
  7592 | D:7      | Found Baimo's Gadget Shop.
  7719 | D:7      | Found a bloodstained altar of Trog.
  7953 | D:7      | Found a sacrificial altar of Ru.
  7957 | D:7      | Found a stormy altar of Qazlal.
  8088 | D:7      | Reached *** piety under Okawaru
  8209 | D:8      | Slain by a gnoll

Vault maps used:
D:1:      lightli_arrival_statuegarden
D:2:      supply_closet_lemuel, kennysheep_generic_room_2
D:3:      tso_metal_star, uniq_sigmund
D:4:      lemuel_blue_sif_altar
D:5:      serial_shops, kennysheep_mini, first_bread, minmay_door_square
D:6:      grunt_temple_overflow_opulence, hangedman_decor_clover_reticule,
          minmay_misc_feat_more_columns, vehumet_altar_wand_db, uniq_pikel,
          uniq_prince_ribbit1
D:7:      gammafunk_temple_overflow_pools, kennysheep_little_box, serial_shops,
          nicolae_shop_waterfront, grunt_livestock
D:8:      corexii_shantytown, david_lair_generic
Temple:   dshaligram_water_room_temple

Skill      XL: |  1  2  3  4  5  6  7  8  9 |
---------------+----------------------------+-----
Transmutations | 3 4 5 6 8 |  8.8
Spellcasting   | 3 4 5 6 7 8 |  8.3
Dodging        | 2 |  2.9
Shields        | 2 |  2.8
Invocations    | 2 |  2.3
Fighting       | 2 |  2.9
Unarmed Combat | |  3.9

Action                   |  1- 3 |  4- 6 |  7- 9 || total
-------------------------+-------+-------+-------++-------
Melee: Unarmed           |   171 |   207 |   207 ||   585
       Kick              |    19 |    14 |       ||    33
       Tailslap          |    13 |    10 |     9 ||    32
       Headbutt          |     7 |     5 |     1 ||    13
       Punch             |       |     2 |     3 ||     5
 Cast: Beastly Appendage |    31 |    16 |     1 ||    48
       Sticks to Snakes  |       |    14 |    10 ||    24
       Spider Form       |       |    14 |    11 ||    25
       Blade Hands       |       |       |    11 ||    11
 Abil: Spit Acid         |       |       |    28 ||    28
  Use: Potion            |     1 |       |       ||     1
       Scroll            |       |     6 |       ||     6
 Stab: Distracted        |       |     1 |     2 ||     3
  Eat: Chunk             |     4 |    10 |    24 ||    38
Armor: Skin              |    55 |    44 |    37 ||   136
Dodge: Dodged            |    88 |   141 |   128 ||   357
